 Dungeon Crawl Stone Soup version 0.23.1-37-gaa34b87 (webtiles) character file.

Game seed: 6904988421425968231

20 night the Sneak (level 2, -7/19 HPs)
             Began as an Octopode Assassin on Mar 26, 2019.
             Killed by divine providence
             ... invoked by an orc priest
              (10 damage)
             ... on level 2 of the Dungeon.
             The game lasted 00:01:42 (780 turns).

night the Sneak (Octopode Assassin)                  Turns: 780, Time: 00:01:45

Health: -7/19      AC:  1    Str: 10    XL:     2   Next: 79%
Magic:  2/2        EV: 13    Int: 13    God:
Gold:   76         SH:  0    Dex: 13    Spells: 1/1 levels left

rFire    . . .     SeeInvis .   a - +2 dagger
rCold    . . .     Gourm    .   (no shield)
rNeg     . . .     Faith    .   (helmet restricted)
rPois    .         Spirit   .   (no amulet)
rElec    .         Reflect  .   (no ring)
rCorr    .         Harm     .   (no ring)
MR       .....                  (no ring)
Stlth    ++++......             (no ring)
HPRegen  0.06/turn              (no ring)
MPRegen  0.08/turn              (no ring)
                                (no ring)
                                (no ring)

@: hasted, very quick
A: almost no armour, stealthy swim, amphibious, 8 rings, constrict 8, camouflage
1, gelatinous body 1
a: no special abilities


You were on level 2 of the Dungeon.
You were not hungry.

You visited 1 branch of the dungeon, and saw 2 of its levels.

You collected 76 gold pieces.

Inventory:

Hand Weapons
 a - a +2 dagger (weapon)
 b - a +0 blowgun
Missiles
 c - 8 poisoned needles
 d - 2 curare-tipped needles
 g - 17 arrows
 i - 66 stones (quivered)
 k - 5 silver tomahawks
Scrolls
 e - 4 scrolls of identify {unknown}
 j - a scroll of amnesia {unknown}
 l - 2 scrolls of teleportation {unknown}
Comestibles
 f - 2 rations
 h - a chunk of flesh


   Skills:
 - Level 2.0 Fighting
 + Level 2.4 Short Blades
 - Level 2.0 Throwing
 - Level 1.0 Dodging
 * Level 6.1 Stealth


You had one spell level left.
You didn't know any spells.
Your spell library was empty.

Dungeon Overview and Level Annotations

Branches:
Dungeon (2/15)

Altars:


Innate Abilities, Weirdness & Mutations

You cannot wear most types of armour.
You are very stealthy in the water. (Stealth+)
You are amphibious.
You can wear up to eight rings at the same time.
You can use your tentacles to constrict eight enemies at once.
Your skin changes colour to match your surroundings (Stealth+).
Your rubbery body absorbs attacks. (AC +1, EV +1)


Message History

You constrict the orc priest. The orc barely misses you. The orc misses you.
The orc priest barely misses you.
You hit the orc priest.
The orc priest is moderately wounded.
You constrict the orc. You constrict the orc priest.
The orc hits you with a +3 hand axe!
Ouch! That really hurt!
The orc closely misses you.
You are too injured to fight recklessly!
You closely miss the orc. You grab the orc. You constrict the orc.
You constrict the orc priest. You constrict the orc.
The orc priest closely misses you. The orc hits you with a +3 hand axe!
* * * LOW HITPOINT WARNING * * *
It was a potion of haste.
You feel yourself speed up.
You constrict the orc, but do no damage.
You constrict the orc priest. You constrict the orc. The orc barely misses you.
The orc priest mumbles some strange prayers to Beogh against you.
Beogh smites you!
Ouch! That really hurt!
You die...

#.# #.#.# #.# .....
##.# #.... #...
#######
.$...####..#
#......
#....#..?..#
#.#####
#...###.######.#
#.. #..†..........#
#.#
#(@##..##########.<
#ooo#..............
##/.##.########....
...##.. #..#.
...##..# #....
....##..< ....##
.........# ###..
.(.... ... ..


You could see an orc priest and 2 orcs.

Vanquished Creatures
  A dart slug (D:1)
  3 leopard geckos (D:1)
  3 giant cockroaches
  A kobold (D:1)
  3 bats (D:1)
  2 frilled lizards (D:1)
  3 rats (D:1)
16 creatures vanquished.

Vanquished Creatures (others)
  5 toadstools (D:1)
5 creatures vanquished.

Grand Total: 21 creatures vanquished

Notes
Turn   | Place    | Note
-------+----------+-------------------------------------------
     0 | D:1      | night the Octopode Assassin began the quest for the Orb.
     0 | D:1      | Reached XP level 1. HP: 14/14 MP: 1/1
   158 | D:1      | Reached XP level 2. HP: 9/19 MP: 2/2
   486 | D:1      | Reached skill level 6 in Stealth
   780 | D:2      | Killed from afar by an orc priest

Skill      XL: |  1  2 |
---------------+-------+-----
Stealth        | 6 |  6.1
Fighting       | |  2.0
Short Blades   | |  2.4
Throwing       | |  2.0
Dodging        | |  1.0

Action                   || total
-------------------------++-------
Melee: Dagger            ||    27
       Tentacles         ||     3
       Constrict         ||     4
  Use: Potion            ||     1
 Stab: Sleeping          ||     9
Armor: Skin              ||     1
Dodge: Dodged            ||    12
